 Dungeon Crawl Stone Soup version 0.29.1-2-gbd0b4ee654 (webtiles) character file.

Game seed: 11601213166064374155

50 GorkyZ the Covered (level 3, 0/23 HPs)
             Began as a Gargoyle Fighter on Nov 23, 2022.
             Slain by a gnoll
             ... wielding a +1 vorpal halberd
              (4 damage)
             ... on level 2 of the Dungeon.
             The game lasted 00:02:47 (1286 turns).

GorkyZ the Covered (Gargoyle Fighter)               Turns: 1286, Time: 00:02:47

Health: 0/23       AC: 15    Str: 21    XL:     3   Next: 79%
Magic:  3/3        EV:  6    Int:  8    God:
Gold:   37         SH:  4    Dex:  9    Spells: 2/2 levels left

rFire   . . .      SeeInvis .   a - +0 war axe
rCold   . . .      Faith    .   c - +0 buckler
rNeg    + . .      Spirit   .   f - +0 plate armour
rPois   ∞          Reflect  .   (no helmet)
rElec   +          Harm     .   (no cloak)
rCorr   .          Rampage  .   (no gloves)
Will    .....                   g - +0 pair of boots
Stlth   ..........              (no amulet)
HPRegen 0.07/turn               (no ring)
MPRegen 0.08/turn               (no ring)

@: no status effects
A: sickness immunity, AC +3, negative energy resistance 1, electricity
resistance, torment resistance 1, petrification resistance
a: no special abilities


You were on level 2 of the Dungeon.
You visited 1 branch of the dungeon, and saw 2 of its levels.

You collected 37 gold pieces.

Inventory:

Hand Weapons
 a - a +0 war axe (weapon)
Armour
 b - a +0 scale mail
 c - a +0 buckler (worn)
 f - a +0 plate armour (worn)
 g - a +0 pair of boots (worn)
Scrolls
 i - a scroll of enchant armour {unknown}
 k - a scroll of teleportation {unknown}
 m - a scroll of blinking {unknown}
Potions
 d - a potion of might
 e - 2 potions of heal wounds {unknown}
 h - a potion of curing {unknown}
 j - a potion of berserk rage {unknown}
 l - a potion of degeneration {unknown}


   Skills:
 + Level 3.5 Fighting
 + Level 2.1 Axes
 + Level 0.7 Throwing
 + Level 3.6 Armour
 + Level 0.6 Dodging
 + Level 3.6 Shields
 + Level 0.9 Evocations


You had 2 spell levels left.
You didn't know any spells.
Your spell library contained the following spells:

 Spells                   Type           Power      Damage    Failure   Level
 Gell's Gravitas          Tloc           0%         N/A       100%        3
 Teleport Other           Tloc           0%         N/A       100%        3
 Dispersal                Tloc           0%         N/A       100%        6


Dungeon Overview and Level Annotations

Branches:
Dungeon (2/15)

Altars:

Annotations:
D:2 Terence


Innate Abilities, Weirdness & Mutations

You are immune to sickness and miasma.
Your stone body is resilient. (AC +3)
You are immune to poison.
You resist negative energy. (rN+)
You are resistant to electric shocks. (rElec)
You are resistant to unholy torment.
You are immune to petrification.


Message History

A frilled lizard comes into view.
The gnoll hits you but does no damage. You block the rat's attack.
You closely miss the gnoll. You slash the rat!
You kill the rat!
The frilled lizard unfolds its giant frill.
The gnoll hits you but does no damage.
You hit the gnoll.
The gnoll is heavily wounded.
You hit the gnoll but do no damage.
The gnoll hits you but does no damage. x2
You hit the gnoll.
The gnoll is almost dead.
You hit the gnoll but do no damage. The gnoll hits you with a +0 spear.
The gnoll completely misses you. The gnoll hits you but does no damage.
You block the gnoll's attack. x2
You barely miss the gnoll.
The gnoll is almost dead.
You hit the gnoll but do no damage.
The gnoll hits you but does no damage. x2
Terence the Incautious comes into view.
He is wielding a +0 flail and wearing a +2 scale mail of fire resistance.
The gnoll hits you but does no damage.
Terence shouts!
You slash the gnoll!
You kill the gnoll!
You barely miss the gnoll.
You hear a shout!
The gnoll barely misses you. You block the gnoll's attack.
The endoplasm hits you but does no damage.
The gnoll hits you but does no damage.
A gnoll comes into view. It is wielding a +0 club.
The gnoll hits you with a +0 flail!
You barely miss the gnoll. You slash the endoplasm!
You kill the endoplasm!
You block the gnoll's attack.
The gnoll hits you from afar with a +1 vorpal halberd.
* * * LOW HITPOINT WARNING * * *
A goblin comes into view. It is wielding a +0 club.
You hit the gnoll but do no damage. The gnoll hits you with a +0 flail.
* * * LOW HITPOINT WARNING * * *
The gnoll hits you but does no damage. You block the gnoll's attack.
The gnoll hits you from afar with a +1 vorpal halberd.
You die...

#........#..
#..........
#.......#..
#....g..#.#
#.......#g## ###
##.....!.#@.##....
#......#.g..>..#
#.####.###)g...#
#..<#@#####
#####.# #....#
##.### #. . ##


You could see Terence, 3 gnolls and a goblin.

Vanquished Creatures
  A gnoll (D:2)
  A dart slug (D:1)
  5 ball pythons (D:1)
  3 endoplasms
  A giant cockroach (D:1)
  5 goblins (D:1)
  2 hobgoblins (D:1)
  6 jackals (D:1)
  2 bats (D:1)
  3 frilled lizards (D:1)
  3 kobolds (D:1)
  4 rats
36 creatures vanquished.

Notes
Turn   | Place    | Note
-------+----------+-------------------------------------------
     0 | D:1      | GorkyZ the Gargoyle Fighter began the quest for the Orb.
     0 | D:1      | Reached XP level 1. HP: 14/14 MP: 1/1
   189 | D:1      | Reached XP level 2. HP: 19/19 MP: 2/2
   465 | D:1      | Reached XP level 3. HP: 22/23 MP: 3/3
   895 | D:1      | Found a faded altar of an unknown god.
  1283 | D:2      | Noticed Terence
  1286 | D:2      | Slain by a gnoll

Illustrated notes

Levels and vault maps discovered:
D:1:      lemuel_arrival_muddy, layout_basic, chequers_ecumenical_altar_simple,
          kennysheep_pointless_box, minmay_bisected
D:2:      layout_basic, basic_altar, cheibrodos_gnoll_hut, uniq_jessica,
          uniq_terence

Skill      XL: |  1 |
---------------+----+-----
Axes           | 2 |  2.1
Fighting       | |  3.5
Throwing       | |  0.7
Armour         | |  3.6
Dodging        | |  0.6
Shields        | |  3.6
Evocations     | |  0.9

Action                   || total
-------------------------++-------
Melee: War axe           ||    75
Armor: Scale mail        ||    20
       Plate armour      ||    43
Dodge: Dodged            ||    25
Block: Buckler           ||    19
